 Dungeon Crawl Stone Soup version 0.30-a0-223-gcb0039aa0c (webtiles) character file.

Game seed: 205992383820751035

63 qw the Chopper (level 4, 0/28 HPs)
             Began as a Gargoyle Fighter on Oct 9, 2022.
             Slain by an orc
             ... wielding a +0 hand axe
              (5 damage)
             ... on level 3 of the Dungeon.
             The game lasted 00:00:39 (1492 turns).

qw the Chopper (Gargoyle Fighter)                   Turns: 1492, Time: 00:00:39

Health: 0/28       AC: 12    Str: 22    XL:     4   Next: 10%
Magic:  4/4        EV:  9    Int:  8    God:
Gold:   153        SH:  4    Dex:  9    Spells: 3/3 levels left

rFire   . . .      SeeInvis .    Y - +1 war axe
rCold   . . .      Faith    .    c - +0 buckler
rNeg    + . .      Spirit   .    b - +0 scale mail
rPois   inf        Reflect  .    (no helmet)
rElec   +          Harm     .    (no cloak)
rCorr   .          Rampage  .    j - +0 pair of gloves
Will    .....                    i - +0 pair of boots
Stlth   ..........               (no amulet)
HPRegen 0.24/turn                (no ring)
MPRegen 0.09/turn                (no ring)

@: no status effects
A: sickness immunity, AC +3, negative energy resistance 1, electricity
resistance, torment resistance 1, petrification resistance
a: no special abilities


You were on level 3 of the Dungeon.
You visited 1 branch of the dungeon, and saw 3 of its levels.

You collected 153 gold pieces.


Innate Abilities, Weirdness & Mutations

You are immune to sickness and miasma.
Your stone body is resilient. (AC +3)
You are immune to poison.
You resist negative energy. (rN+)
You are resistant to electric shocks. (rElec)
You are resistant to unholy torment.
You are immune to petrification.


   Skills:
 - Level 3.2 Fighting
 + Level 3.9 Axes
 - Level 3.2 Armour
 - Level 3.2 Shields


You had 3 spell levels left.
You didn't know any spells.
Your spell library was empty.

Inventory:

Hand Weapons
 k - a +0 whip
 Y - a +1 war axe (weapon)
Armour
 b - a +0 scale mail (worn)
 c - a +0 buckler (worn)
 i - a +0 pair of boots (worn)
 j - a +0 pair of gloves (worn)
Scrolls
 l - a scroll of identify
Potions
 a - a potion of attraction {unknown}
 d - 4 potions of might
 e - a potion of heal wounds {unknown}
 f - a potion of ambrosia {unknown}
 g - a potion of curing {unknown}
 m - a potion of mutation {unknown}
 p - a potion of brilliance {unknown}
 r - a potion of flight {unknown}

Dungeon Overview and Level Annotations

Branches:
Dungeon (3/15)

Altars:

Shops:
D:1 [

Annotations:
D:3 Terence


Message History

An orc priest comes into view. It is wielding a +0 dagger.
A dart slug comes into view.
An orc priest comes into view. It is wielding a +0 dagger.
The orc priest shouts! x2; The orc shouts!
You hear a shout!
Terence the Incautious comes into view.
He is wielding a +0 mace and carrying a wand of quicksilver (13).
An orc comes into view. It is wielding a +0 hand axe.
The orc priest looks satisfied for a moment.
The dart slug launches a dart at you. The slug dart misses you.
The orc priest looks satisfied for a moment.
The orc hits you with a +0 war axe. The dart slug launches a dart at you.
The slug dart hits you but does no damage.
You see here 7 gold pieces.
You closely miss the orc.
Terence zaps a wand.
The bolt of dispelling energy misses the orc.
The bolt of dispelling energy hits you. The orc barely misses you.
You hit the orc priest.
The orc priest is moderately wounded.
You hit the orc. x2
You block the orc's attack. The orc hits you with a +0 war axe.
The orc priest looks encouraged for a moment.
The orc priest hits you but does no damage.
The orc closely misses you.
You hit the orc.
You kill the orc!
You hit the orc. You hit the orc priest.
The orc priest invokes the aid of Beogh against you.
Beogh smites you!
Ouch! That really hurt!
The orc hits you but does no damage.
You barely miss the orc.
The orc is almost dead.
You hit the orc but do no damage. You hit the orc priest. x2
The orc priest hits you with a +0 dagger.
The orc hits you but does no damage.
The orc priest hits you but does no damage.
The orc hits you with a +0 hand axe.
You die...

#.###.#.#...#
#.#.....#
#...#...#
#.########....###
#........%........
#######....#..####
#.#........
######...#?....#.
#....o@.###...###
#....ooo.#....$#.
#.....@#w....#...
#......##.#.....
#......# ..#.#
#....... #....
#....... #...
#....... ...


You could see Terence, 2 orc priests, a dart slug and 2 orcs.

Vanquished Creatures
  2 adders (D:2)
  A dart slug (D:2)
  An orc (D:3)
  An endoplasm (D:2)
  A giant cockroach (D:2)
  3 hobgoblins
  4 jackals (D:2)
  4 kobolds
  A quokka (D:2)
  8 ball pythons
  5 frilled lizards
  5 goblins
  4 rats
40 creatures vanquished.

Notes
Turn   | Place    | Note
-------+----------+-------------------------------------------
     0 | D:1      | qw the Gargoyle Fighter began the quest for the Orb.
     0 | D:1      | Reached XP level 1. HP: 14/14 MP: 1/1
     0 | D:1      | 0 ||| qw: Version: 0.2-a-17-g06abaee
     0 | D:1      | 0 ||| qw: Game counter: 2056
     0 | D:1      | 0 ||| qw: Always use a shield: true
     0 | D:1      | 0 ||| qw: God list: Okawaru
     0 | D:1      | 0 ||| qw: Allow faded altars: false
     0 | D:1      | 0 ||| qw: Do Orc after D:15 true
     0 | D:1      | 0 ||| qw: Do second Lair branch before Depths: true
     0 | D:1      | 0 ||| qw: Lair rune preference: random
     0 | D:1      | 0 ||| qw: Plans: Normal, Zot:1-4, God:TSO, Crypt, Tomb,
                  | Pan, Slime:5, Hells, Abyss, Orb
     0 | D:1      | 0 ||| PLANNING D:1-11
    47 | D:1      | 47 ||| Stepping ~*~*~tactically~*~*~ (stealth).
    64 | D:1      | Found Jannegi's Armour Shoppe.
    85 | D:1      | 85 ||| SHOPLISTING +1 cloak of willpower (181 gold, have
                  | 0).
    85 | D:1      | 85 ||| SHOPLISTING +1 pair of boots of flying (181 gold,
                  | have 0).
    85 | D:1      | 85 ||| SHOPLISTING +1 plate armour of cold resistance (385
                  | gold, have 0).
    85 | D:1      | 85 ||| SHOPLISTING +3 ring mail of Gehenna {rElec rN+
                  | Regen+} (409 gold, have 0).
   245 | D:1      | Reached XP level 2. HP: 16/19 MP: 2/2
   431 | D:1      | 431 ||| DROPPING +0 club.
   492 | D:1      | 492 ||| Stepping ~*~*~tactically~*~*~ (stealth).
   746 | D:1      | 746 ||| UPGRADING to +0 pair of boots.
   751 | D:1      | 751 ||| UPGRADING to +0 pair of gloves.
   756 | D:1      | 756 ||| READING scroll labelled QICHOD SAIRIKA.
   757 | D:1      | 757 ||| READING scroll labelled AXZUDE SAADEU.
   758 | D:1      | 758 ||| READING scroll labelled ROIG GONANGEI.
   790 | D:2      | Reached skill level 3 in Axes
   796 | D:2      | Reached XP level 3. HP: 23/23 MP: 3/3
   800 | D:2      | 800 ||| Stepping ~*~*~tactically~*~*~ (stealth).
   820 | D:2      | Found a faded altar of an unknown god.
   936 | D:2      | 936 ||| Stepping ~*~*~tactically~*~*~ (stealth).
   937 | D:2      | 937 ||| Stepping ~*~*~tactically~*~*~ (stealth).
   938 | D:2      | 938 ||| Stepping ~*~*~tactically~*~*~ (stealth).
   939 | D:2      | 939 ||| Stepping ~*~*~tactically~*~*~ (stealth).
   942 | D:2      | 942 ||| Stepping ~*~*~tactically~*~*~ (stealth).
   943 | D:2      | 943 ||| Stepping ~*~*~tactically~*~*~ (stealth).
  1131 | D:2      | 1131 ||| Stepping ~*~*~tactically~*~*~ (stealth).
  1145 | D:2      | Reached XP level 4. HP: 28/28 MP: 4/4
  1428 | D:2      | 1428 ||| READING scroll labelled WUL PEONWEATT.
  1429 | D:2      | 1429 ||| READING scroll labelled GYDWOTA PURCH.
  1430 | D:2      | 1430 ||| READING scroll labelled SEUTEIP SEAWN.
  1431 | D:2      | 1431 ||| READING 2 scrolls labelled VIHOWO ASUMM.
  1432 | D:2      | 1432 ||| READING scroll labelled ABBEAR PUACAINN.
  1433 | D:2      | 1433 ||| DROPPING scroll of amnesia.
  1471 | D:3      | 1471 ||| Stepping ~*~*~tactically~*~*~ (stealth).
  1486 | D:3      | Noticed Terence
  1491 | D:3      | HP: 7/28 [orc priest/divine providence (14)]
  1492 | D:3      | Slain by an orc

Levels and vault maps discovered:
D:1:      saegor_arrival_simple_e, layout_basic, serial_shops, shop
D:2:      layout_basic, ebering_ecumenical_altar_webs, eino_tiny_chamber
D:3:      layout_basic, serial_shops, shop_statue, roderic_roman_lattice,
          minmay_strange_pillars, uniq_terence, uniq_grinder,
          uniq_crazy_yiuf_cottage

Skill      XL: |  1  2 |
---------------+-------+-----
Axes           | 2 3 |  3.9
Fighting       | |  3.2
Armour         | |  3.2
Shields        | |  3.2

Action                   |  1- 3 |  4- 6 || total
-------------------------+-------+-------++-------
Melee: War axe           |    92 |    10 ||   102
  Use: Scroll            |     3 |     5 ||     8
Armor: Scale mail        |    61 |     5 ||    66
Dodge: Dodged            |    47 |     7 ||    54
Block: Buckler           |    11 |     2 ||    13

Table legend:
 A = Non-vault XP
 B = Vault XP
 C = Vault XP percentage of total XP
 D = Non-vault monster count
 E = Vault monster count
 F = Vault count percentage of total count
                 A         B        C        D         E       F
            +---------+---------+-------+---------+---------+-------
      Total |      91 |       0 |   0.0 |      40 |       0 |   0.0
            +---------+---------+-------+---------+---------+-------
        D:1 |      28 |       0 |   0.0 |      18 |       0 |   0.0
        D:2 |      58 |       0 |   0.0 |      19 |       0 |   0.0
        D:3 |       5 |       0 |   0.0 |       3 |       0 |   0.0
            +---------+---------+-------+---------+---------+-------
